 Dungeon Crawl Stone Soup version 0.27-a0-1101-ge311f74bc8 (webtiles) character file.

Game seed: 195406553160319677

84 wewepker the Chopper (level 4, -1/61 HPs)
             Began as a Minotaur Berserker on Apr 28, 2021.
             Was a Believer of Trog.
             Slain by an adder (3 damage)
             ... on level 3 of the Dungeon.
             The game lasted 00:03:32 (1968 turns).

wewepker the Chopper (Minotaur Berserker)           Turns: 1968, Time: 00:03:32

Health: -1/61      AC:  2    Str: 21    XL:     4   Next: 23%
Magic:  3/3        EV: 12    Int:  5    God:    Trog [**....]
Gold:   37         SH:  0    Dex: 10    Spells: 3/3 levels left

rFire    . . .     SeeInvis .   l - +0 whip (drain)
rCold    . . .     Faith    .   (no shield)
rNeg     . . .     Spirit   .   b - +0 animal skin
rPois    .         Reflect  .   (helmet restricted)
rElec    .         Harm     .   (no cloak)
rCorr    .         Rampage  .   (no gloves)
Will     .....                  (no boots)
Stlth    ..........             (no amulet)
HPRegen  0.20/turn              (no ring)
MPRegen  0.08/turn              (no ring)

@: berserking, very quick
A: horns 2, retaliatory headbutt
a: Renounce Religion, Berserk, Trog's Hand


You were on level 3 of the Dungeon.
You worshipped Trog.
Trog was pleased with you.
You visited 1 branch of the dungeon, and saw 3 of its levels.

You collected 37 gold pieces.

Inventory:

Hand Weapons
 a - a +0 hand axe
 d - a +0 dagger
 e - a +0 war axe
 l - a +0 whip of draining (weapon)
Armour
 b - a +0 animal skin (worn)
Jewellery
 c - a ring of protection from cold
 n - a ring of flight
Scrolls
 f - 3 scrolls of identify {unknown}
 h - a scroll of teleportation {unknown}
 j - a scroll of blinking {unknown}
 m - a scroll of fog {unknown}
Potions
 g - a potion of flight {unknown}
 i - a potion of heal wounds {unknown}
 k - a potion of lignification {unknown}


   Skills:
 + Level 4.4 Fighting
 + Level 4.8 Axes
 + Level 2.6 Armour
 + Level 3.1 Dodging


You had 3 spell levels left.
You didn't know any spells.
Your spell library was empty.

Dungeon Overview and Level Annotations

Branches:
Dungeon (3/15)

Altars:
Gozag


Innate Abilities, Weirdness & Mutations

You have a pair of horns on your head.
You reflexively headbutt those who attack you in melee.


Message History

A red film seems to cover your vision as you go berserk!
You feel yourself moving faster!
You feel mighty! The hobgoblin barely misses you.
The orc hits you with a +0 flail!
You closely miss the hobgoblin.
The hobgoblin is almost dead.
The orc hits you with a +0 flail!
* * * LOW HITPOINT WARNING * * *
You whack the hobgoblin!
You kill the hobgoblin!
Trog accepts your kill.
An adder comes into view.
The orc hits you with a +0 flail.
* * * LOW HITPOINT WARNING * * *
The orc hits you with a +0 flail.
* * * LOW HITPOINT WARNING * * *
The adder hisses angrily.
You hit the orc. Your headbutt misses the orc.
The orc is almost dead.
The orc closely misses you. The orc hits you with a +0 flail.
* * * LOW HITPOINT WARNING * * *
You closely miss the orc.
The orc is almost dead.
The orc hits you but does no damage. The orc closely misses you.
You whack the orc!
You kill the orc!
Trog accepts your kill. The orc hits you with a +0 flail.
* * * LOW HITPOINT WARNING * * *
You whack the orc!
You feel the power of Trog in you as your rage grows.
You kill the orc!
Trog accepts your kill. The orc hits you with a +0 flail.
* * * LOW HITPOINT WARNING * * *
The adder bites you.
* * * LOW HITPOINT WARNING * * *
Things that are here:
a +0 short sword; a +0 leather armour You barely miss the adder.
Your headbutt misses the adder. The adder bites you.
You die...

### .#. #. ...### ... #..
..# ...... ..##.. .:.## #
#.... #..... ..#. #.
#...##...# #...
#..#.......# #.####...
#.....S#..# #........
####..o†@..# ##.....
......).)..# ##..##..
###........#######.......
#...##................#.#
..####.##.............#.#
# ...>...........##...#.#
......##.##.........#..
#...... #..#....#...)...
#..... ##.#..........#.


You could see an adder and an orc.

Vanquished Creatures
  An adder (D:2)
  A worm (D:2)
  3 dart slugs (D:1)
  6 orcs (D:3)
  5 ball pythons (D:1)
  4 endoplasms
  5 giant cockroaches
  4 goblins
  4 hobgoblins
  3 jackals (D:2)
  2 quokkas (D:1)
  4 bats
  6 frilled lizards
  4 kobolds
  4 rats (D:1)
56 creatures vanquished.

Vanquished Creatures (others)
  3 plants (D:2)
3 creatures vanquished.

Grand Total: 59 creatures vanquished

Notes
Turn   | Place    | Note
-------+----------+-------------------------------------------
     0 | D:1      | wewepker the Minotaur Berserker began the quest for the
                  | Orb.
     0 | D:1      | Reached XP level 1. HP: 19/19 MP: 0/0
   145 | D:1      | Reached XP level 2. HP: 26/27 MP: 1/1
   334 | D:1      | Found a faded altar of an unknown god.
   410 | D:1      | Reached ** piety under Trog
   617 | D:1      | Reached XP level 3. HP: 29/33 MP: 2/2
   932 | D:2      | Found an opulent altar of Gozag.
  1615 | D:2      | Reached XP level 4. HP: 39/41 MP: 3/3
  1967 | D:3      | HP: 2/61 [adder (4)]
  1968 | D:3      | Slain by an adder

Illustrated notes

Levels and vault maps discovered:
D:1:      lemuel_arrival_funnel, layout_rooms, chequers_ecumenical_altar_twisty
D:2:      layout_basic, basic_altar, hex_medium, kennysheep_big_empty_room,
          corexii_corridor_pit, serial_park_tiny_2, serial_bayou_pond_a,
          minmay_box_of_dots
D:3:      layout_rooms, kennysheep_okawaru_gauntlet, uniq_terence

Skill      XL: |  1  2  3 |
---------------+----------+-----
Fighting       | 4 |  4.4
Axes           | 4 |  4.8
Dodging        | 3 |  3.1
Armour         | |  2.6

Action                   |  1- 3 |  4- 6 || total
-------------------------+-------+-------++-------
Melee: Hand axe          |    27 |       ||    27
       War axe           |    45 |       ||    45
       Headbutt          |     7 |     1 ||     8
       Whip              |     2 |    16 ||    18
Invok: Berserk           |     2 |     2 ||     4
Armor: Animal skin       |    26 |     2 ||    28
Dodge: Dodged            |    65 |    11 ||    76

Table legend: (Time is in decaauts)
 A = Elapsed time spent in this place.
 B = Non-inter-level travel time spent in this place.
 C = Inter-level travel time spent in this place.
 D = Time resting spent in this place.
 E = Time spent auto-exploring this place.
 F = Levels seen in this place.
 G = Mean time per level.
                   A        B        C        D        E       F      G
               +--------+--------+--------+--------+--------+-----+--------+
         Total |   2012 |   1958 |     54 |    351 |   1119 |   3 |  670.7 |
       Dungeon |   2012 |   1958 |     54 |    351 |   1119 |   3 |  670.7 |
               +--------+--------+--------+--------+--------+-----+--------+

Top non-repeatable levels by time:
     D:2: 1019 daAuts
     D:1: 830 daAuts
     D:3: 162 daAuts
